 Dungeon Crawl Stone Soup version 0.28.0-53-g5a82cb258f (webtiles) character file.

Game seed: 13350780895901719768

176298 quokkamancerX the Warrior (level 18, -1/137 (142) HPs)
             Began as a Hill Orc Fighter on July 5, 2022.
             Was a High Priest of Hepliaklqana.
             Slain by a sea snake (9 damage)
             ... on level 1 of the Shoals.
             The game lasted 02:27:57 (37091 turns).

quokkamancerX the Warrior (Hill Orc Fighter)       Turns: 37091, Time: 02:27:58

HP:   -1/137 (142)  AC: 38    Str: 25      XL:     18   Next: 12%
MP:   32/32         EV:  6    Int:  9 (11) God:    Hepliaklqana [*****.]
Gold: 3370          SH:  5    Dex:  8      Spells: 17/17 levels left

rFire   + . .      SeeInvis +   a - +8 broad axe "Esoq" {venom, rCorr Dex+2}
rCold   + + .      Faith    .   c - +0 buckler
rNeg    + . .      Spirit   .   G - +2 crystal plate armour {rC+}
rPois   +          Reflect  .   T - +2 helmet of Chimes {Int+3 SInv}
rElec   +          Harm     .   f - +2 cloak
rCorr   +          Rampage  .   C - +3 pair of gloves "Perah" {rPois rN+}
Will    .....      Rage     9%  (no boots)
Stlth   .......... Rnd*Tele +   H - amulet of regeneration
HPRegen 0.00/turn               e - +4 ring of protection
MPRegen 0.23/turn               j - ring of Tihiarchor {+Blink Fly rElec rPois Will-}

@: resistant, on berserk cooldown, sick, flying, inhibited regen, slowed,
studying Polearms, lightly drained, unable to read, very slow
A: reduced essence, frail 1, teleportitis 1, weak 1, inability to read while
threatened, [berserk 3], [clumsy 2], [inhibited regeneration]
a: Renounce Religion, Evoke Blink, Recall Ancestor, Ancestor Identity,
Transference, Idealise


You were on level 1 of the Shoals.
You worshipped Hepliaklqana.
Hepliaklqana was extremely pleased with you.
You visited 6 branches of the dungeon, and saw 28 of its levels.
You visited the Abyss 1 time.
You also visited: Bailey, Gauntlet, Ice Cave and Volcano.

You collected 5185 gold pieces.
You spent 1815 gold pieces at shops.

Inventory:

Hand Weapons
 a - the +8 broad axe "Esoq" (weapon) {venom, rCorr Dex+2}
   (You found it on level 13 of the Dungeon)

   It poisons the flesh of those it strikes.
   Dex:       It affects your dexterity (+2).
   rCorr:     It protects you from acid and corrosion.
 B - a +7 broad axe
Missiles
 l - 18 boomerangs (quivered)
 y - 5 javelins
 L - 5 curare-tipped darts
 O - 9 throwing nets
 V - 7 silver javelins
Armour
 b - a +1 cloak of preservation
 c - a +0 buckler (worn)
 f - a +2 cloak (worn)
 C - the +3 pair of gloves "Perah" (worn) {rPois rN+}
   (You found it in an ice cave)

   rPois:     It protects you from poison.
   rN:        It protects you from negative energy.
 G - a +2 crystal plate armour of cold resistance (worn)
 T - the +2 helmet of Chimes (worn) {Int+3 SInv}
   (You bought it in a shop on level 2 of the Orcish Mines)

   Int:       It affects your intelligence (+3).
   SInv:      It lets you see invisible.
Jewellery
 e - a +4 ring of protection (left hand)
 j - the ring of Tihiarchor (right hand) {+Blink Fly rElec rPois Will-}
   (You took it off a hobgoblin on level 2 of the Dungeon)

   [ring of flight]

   rElec:     It insulates you from electricity.
   rPois:     It protects you from poison.
   Fly:       It grants you flight.
   +Blink:    It lets you blink.
   Will:      It decreases your willpower.
 A - a ring of protection from cold
 H - an amulet of regeneration (around neck)
 Q - a ring of poison resistance
 U - a ring of willpower
Wands
 o - a wand of polymorph (19)
 s - a wand of iceblast (14)
 w - a wand of charming (4)
 x - a wand of acid (9)
 F - a wand of paralysis (19)
 N - a wand of mindburst (15)
 P - a wand of flame (45)
Scrolls
 g - 5 scrolls of vulnerability
 i - 7 scrolls of identify
 r - 4 scrolls of fog
 z - 2 scrolls of summoning
 D - 2 scrolls of immolation
 E - 3 scrolls of blinking
 S - 2 scrolls of magic mapping
 X - a scroll of amnesia
Potions
 d - a potion of might
 h - 10 potions of attraction
 k - 9 potions of flight
 m - a potion of resistance
 p - 7 potions of haste
 I - 4 potions of mutation
 K - 3 potions of invisibility
Miscellaneous
 J - a condenser vane


   Skills:
 - Level 20.0 Fighting
 - Level 18.0 Axes
 - Level 12.0 Throwing
 + Level 11.1 Armour
 - Level 7.0 Dodging
 - Level 7.0 Shields
 - Level 20.0 Invocations


You had 17 spell levels left.
You didn't know any spells.
Your spell library contained the following spells:

 Spells                   Type           Power      Damage    Failure   Level
 Beastly Appendage        Tmut           0%         N/A       100%        1
 Freeze                   Ice            0%         1d3       100%        1
 Blink                    Tloc           0%         N/A       100%        2
 Static Discharge         Conj/Air       0%         N/A       100%        2
 Wereblood                Tmut           0%         N/A       100%        2
 Frozen Ramparts          Ice            0%         1d2       100%        3
 Gell's Gravitas          Tloc           0%         N/A       100%        3
 Ignite Poison            Fire/Tmut/Pois 0%         N/A       100%        3
 Lesser Beckoning         Tloc           0%         N/A       100%        3
 Mephitic Cloud           Conj/Pois/Air  0%         N/A       100%        3
 Ozocubu's Armour         Ice            0%         N/A       100%        3
 Portal Projectile        Hex/Tloc       0%         N/A       100%        3
 Spider Form              Tmut/Pois      0%         N/A       100%        3
 Summon Guardian Golem    Hex/Summ       0%         N/A       100%        3
 Teleport Other           Tloc           0%         N/A       100%        3
 Tukima's Dance           Hex            0%         N/A       100%        3
 Airstrike                Air            0%         N/A       100%        4
 Hailstorm                Conj/Ice       0%         3d3       100%        4
 Summon Lightning Spire   Summ/Air       0%         N/A       100%        4
 Agony                    Necr           0%         N/A       100%        5
 Alistair's Intoxication  Tmut/Pois      0%         N/A       100%        5
 Blade Hands              Tmut           0%         N/A       100%        5
 Borgnjor's Vile Clutch   Necr/Erth      0%         N/A       100%        5
 Excruciating Wounds      Necr           0%         N/A       100%        5
 Freezing Cloud           Conj/Ice/Air   0%         6-21      100%        5
 Lightning Bolt           Conj/Air       0%         1d11      100%        5
 Manifold Assault         Tloc           0%         N/A       100%        5
 Dispersal                Tloc           0%         N/A       100%        6
 Eringya's Noxious Bog    Tmut/Pois      0%         N/A       100%        6
 Ozocubu's Refrigeration  Ice            0%         4d5       100%        7
 Maxwell's Capacitive Co  Air            0%         ∞         100%        8
 Necromutation            Tmut/Necr      0%         N/A       100%        8


Dungeon Overview and Level Annotations

Branches:
Dungeon (15/15)            Temple (1/1) D:4            Lair (6/6) D:11
 Shoals (1/4) Lair:2       Spider (3/4) Lair:4        Slime (0/5) Lair:5
    Orc (2/2) D:9             Elf (0/3) Orc:2        Vaults (0/5) D:14
 Depths (0/4) D:15         Bailey (visited)           IceCv (visited)
Volcano (visited)         Gauntlet (visited)

Altars:
Ashenzari
Cheibriados
Dithmenos
Elyvilon
Fedhas
Gozag
Hepliaklqana
Kikubaaqudgha
Makhleb
Nemelex Xobeh
Okawaru
Qazlal
Ru
Sif Muna
Trog
Uskayaw
Vehumet
Wu Jian
Xom
Yredelemnul
Zin
The Shining One
Jiyva

Shops:
Orc:1 !?=   Orc:2 =[*[

Portals:
Trove: D:12 (give 8 scrolls of fear)

Annotations:
D:3 1 runed translucent door, Crazy Yiuf
D:8 1 runed translucent door, Stomo's ghost, novice DsGl
Shoals:1 Louise


Innate Abilities, Weirdness & Mutations

Your life essence is reduced to manifest your ancestor. (-10% HP)
You are frail. (-10% HP)
You are occasionally teleported next to monsters.
You are weak. (Str -2)
You sometimes lose the ability to read scrolls when taking damage.
[You have an uncontrollable temper.]
[You are very clumsy. (Dex -4)]
[You do not regenerate when monsters are visible.]


Message History

The +3 pair of gloves "Perah" {rPois rN+} unmelds from your body.
Your +2 crystal plate armour of cold resistance unmelds from your body.
You feel resistant to cold.
A chaos spawn comes into view.
The chaos spawn gores you but does no damage.
Lydia hits the chaos spawn with a +0 quarterstaff!
You pass through the gate.
Welcome back to the Shoals!
Level annotation: Louise The harpy claws you but does no damage. x2; The harpy claws Lydia.
The harpy claws Lydia but does no damage.
The harpy claws you but does no damage. You block the harpy's attack.
The harpy claws you!
You feel threatened and lose the ability to read scrolls!
* * * LOW HITPOINT WARNING * * *
The harpy claws you but does no damage. The harpy barely misses you.
The harpy claws you but does no damage. The sea snake closely misses you.
A merfolk impaler comes into view. It is wielding a +4 vorpal trident.
The sea snake bites you but does no damage.
The manticore flicks its tail.
The volley of spikes hits you but does no damage.
The harpy barely misses you. x2
The manticore flicks its tail.
The volley of spikes hits you but does no damage.
The sea snake bites you.
* * * LOW HITPOINT WARNING * * *
The harpy claws you but does no damage. x2; The harpy barely misses Lydia.
The harpy claws Lydia!
The wind drake flaps its wings at you. The air twists around and strikes you.
There is a staircase back to the Lair, spattered with blood here.
The harpy claws Lydia but does no damage.
The harpy claws Lydia!
The harpy barely misses you. The harpy claws you.
* * * LOW HITPOINT WARNING * * *
The harpy closely misses you. The harpy claws you but does no damage.
The harpy claws Lydia!
The harpy claws Lydia.
The harpy claws you but does no damage. x2
The harpy claws Lydia but does no damage. x2
The sea snake bites you!
You die...

..≈≈≈.≈≈P≈..##
#.P≈≈≈≈P≈P≈≈.#.
#...≈≈≈≈≈≈≈≈≈≈.
.P.P≈≈≈≈≈≈≈≈≈≈≈
.≈≈.≈≈≈≈≈≈≈≈≈≈$
≈≈≈≈.H....≈≈≈≈≈
≈≈≈....H..≈≈≈≈≈
≈≈≈≈.HR@H...≈≈≈
≈≈≈≈..4HS...≈≈.
≈≈≈≈≈H.##@.≈≈≈≈
≈..≈≈m# ..≈≈≈≈
...≈≈≈ .k≈≈≈
...≈≈≈ .≈≈≈≈
....≈ ≈≈≈≈
.≈.≈. ≈≈≈≈


You could see the friendly Lydia the battlemage (idealised), Louise, a merfolk
impaler, a sea snake, a wind drake (repels missiles), 2 manticores, 4 harpies
and a chaos spawn.

Vanquished Creatures
  A lich (Abyss:3)
  2 frost giants (IceCv)
  An emperor scorpion (Spider:1)
  The ghost of SolCadguy the Geomancer, a journeyman GrEE of Sif Muna (Orc:1)
  A ghost moth (Spider:2)
  A reaper (Gauntlet)
  An ophan (Abyss:3)
  A broodmother (Lair:4)
  An entropy weaver (Spider:1)
  2 spark wasps
  A white draconian (IceCv)
  Azrael (Lair:4)
  A great orb of eyes (D:15)
  The ghost of Xyudeake the Devastator, a journeyman DEFE of Vehumet (Lair:4)
  A rakshasa (D:15)
  8 hydras
  A jorogumo (Spider:3)
  5 boulder beetles
  5 centaur warriors
  4 ironbound frosthearts (IceCv)
  An ogre mage (D:15)
  A death knight (D:15)
  9 two-headed ogres
  A hell hog (Abyss:5)
  2 slime creatures (D:15)
  9 death yaks
  2 orc high priests (Orc:2)
  A deep elf knight (D:14)
  A hell knight (Volcano)
  2 skeletal warriors (D:15)
  A fire crab (Lair:3)
  3 pharaoh ants
  A spatial maelstrom (Abyss:3)
  A sun moth (Spider:3)
  2 phantasmal warriors
  4 orb spiders (Spider:1)
  6 steelbarb worms
  3 orc knights
  5 deep elf pyromancers
  A deep elf zephyrmancer (D:14)
  An orange crystal statue (IceCv)
  4 orc sorcerers (Orc:2)
  9 wolf spiders
  6 cyclopes
  7 elephants
  10 ugly things
  3 moths of wrath (Spider:1)
  A black mamba (Lair:6)
  A torpor snail (Spider:2)
  A smoke demon (Abyss:3)
  8 cane toads
  3 demonic crawlers (Spider:3)
  A freezing wraith (D:15)
  2 efreet
  3 large abominations (Abyss:3)
  A komodo dragon (shapeshifter) (D:14)
  5 komodo dragons
  5 kobold demonologists
  A tengu conjurer (D:15)
  8 rime drakes
  A hellwing (Gauntlet)
  An ice devil (Gauntlet)
  5 yaktaurs (D:14)
  An ancient zyme (Abyss:5)
  4 meliai
  A troll (D:10)
  A merfolk (Lair:2)
  A red devil (Volcano)
  A hornet (shapeshifter) (D:14)
  5 tarantellas
  16 polar bears
  A raiju (Abyss:3)
  3 hornets (Lair:6)
  12 blink frogs
  11 dream sheep
  14 jumping spiders
  9 culicivoras
  7 spriggans (Lair:6)
  2 fire elementals
  5 wraiths
  2 orc simulacra (Orc:1)
  2 vampires
  2 wyverns
  2 fire bats (Abyss:5)
  39 yaks
  4 basilisks
  2 steam dragons
  2 golden eyes
  55 redbacks
  2 wargs
  2 acid dragons
  6 water moccasins
  3 hell hounds
  A spectral troll (Orc:1)
  5 black bears
  3 ice beasts
  A black bear (shapeshifter) (D:15)
  16 orc warriors
  A necrophage (D:8)
  4 boggarts
  8 ogres
  15 wolves
  6 centaurs
  5 kobold brigands
  Blork the orc (D:6)
  11 bullfrogs
  A wyvern zombie (D:7)
  4 gnoll sergeants (D:10)
  A scorpion (D:5)
  A spectral warg (Orc:1)
  A killer bee (shapeshifter) (D:14)
  10 wights
  2 howler monkeys
  3 electric eels
  A bullfrog zombie (D:5)
  2 small abominations
  2 centaur zombies
  6 lava snakes (Volcano)
  A jelly (D:6)
  9 orc priests
  5 hounds
  A warg simulacrum (Orc:1)
  3 iguanas
  12 orc wizards
  A spectral orc (Orc:1)
  Ijyb (D:3)
  Terence (D:3)
  A hound zombie (D:5)
  14 gnolls
  3 adders
  2 shadow imps
  2 white imps
  An ufetubus (D:7)
  3 worms
  A dart slug (D:4)
  43 orcs
  3 endoplasms
  5 giant cockroaches (D:1)
  10 goblins
  6 hobgoblins
  5 jackals
  19 kobolds
  2 quokkas
  5 ball pythons
  7 bats
  3 frilled lizards (D:1)
  3 rats
  A bush (Lair:4)
684 creatures vanquished.

Vanquished Creatures (collateral kills)
  The ghost of Ucahaeje the Warrior, a journeyman MfSk of Makhleb (Lair:4)
  The ghost of Cikholargh the Destroyer, a journeyman BaIE of Cheibriados (Lair:4)
  2 entropy weavers
  A minotaur (Gauntlet)
  A fire dragon (D:15)
  Josephine (Orc:1)
  6 hydras
  An ice dragon (IceCv)
  A rakshasa (Abyss:5)
  2 centaur warriors
  An ironbound frostheart (IceCv)
  A two-headed ogre (D:15)
  A radroach (Spider:3)
  2 death yaks (Lair:2)
  2 hell hogs (Abyss:5)
  An orc high priest (Orc:2)
  Sonja (D:10)
  A wretched star (Abyss:5)
  2 pharaoh ants
  4 skeletal warriors (D:15)
  A shadow wraith (Abyss:3)
  4 steelbarb worms
  A glowing orange brain (Abyss:5)
  4 orb spiders
  3 ugly things
  2 orc knights (Orc:2)
  A deep elf pyromancer (D:14)
  4 wolf spiders
  An oklob plant (Gauntlet)
  An orc sorcerer (Orc:2)
  A will-o-the-wisp (Abyss:3)
  A large abomination (Abyss:5)
  A manticore (D:14)
  A moth of wrath (Spider:1)
  A cyclops (D:12)
  4 elephants (Lair:3)
  A worldbinder (Abyss:3)
  2 torpor snails
  2 black mambas
  A molten gargoyle (Volcano)
  6 cane toads
  A gargoyle (Volcano)
  A smoke demon (Volcano)
  7 rime drakes
  4 demonic crawlers
  2 komodo dragons
  2 kobold demonologists
  An ancient zyme (Abyss:3)
  A hellwing (Gauntlet)
  5 meliai
  2 slime creatures (D:15)
  3 hornets
  A troll (Orc:2)
  5 blink frogs
  9 polar bears
  4 tarantellas
  A raiju (Abyss:5)
  5 dream sheep
  6 jumping spiders
  6 spriggans (Lair:6)
  4 culicivoras
  19 yaks
  A vampire (D:12)
  A small abomination (Abyss:3)
  3 fire bats
  2 fire elementals (Spider:1)
  2 wraiths
  2 basilisks
  3 wyverns
  4 golden eyes (Abyss:3)
  A neqoxec (Abyss:3)
  17 redbacks
  A warg (Orc:2)
  An acid dragon (Gauntlet)
  2 hell hounds (Spider:1)
  3 water moccasins
  14 orc warriors
  3 black bears (Lair:5)
  4 centaurs
  9 wolves
  2 kobold brigands
  2 bullfrogs
  2 gnoll sergeants (D:10)
  2 wights (D:9)
  2 electric eels
  2 howler monkeys
  A lava snake (Volcano)
  A quasit (Abyss:3)
  3 orc priests
  A gnoll shaman (D:10)
  15 orc wizards
  An adder (D:6)
  5 gnolls (D:10)
  2 white imps (Gauntlet)
  18 orcs
  13 kobolds
  A bush (D:7)
311 creatures vanquished.

Vanquished Creatures (others)
  A rakshasa (D:15)
  A polar bear (IceCv)
  A golden eye (Abyss:5)
  A hell hound (Spider:1)
  An orc priest (Orc:2)
  30 battlemagi
  An ancestor (D:7)
  An orc (Orc:1)
  14 demonic plants (Gauntlet)
  4 foxfires (Abyss:3)
  29 fungi
  A lurking horror (Abyss:5)
  88 plants
  5 starspawn tentacles (Abyss:3)
  2 withered plants (D:8)
180 creatures vanquished.

Grand Total: 1175 creatures vanquished

Notes
Turn   | Place    | Note
-------+----------+-------------------------------------------
     0 | D:1      | quokkamancerX the Hill Orc Fighter began the quest for the
                  | Orb.
     0 | D:1      | Reached XP level 1. HP: 19/19 MP: 1/1
   448 | D:1      | Reached XP level 2. HP: 26/26 MP: 2/2
   656 | D:1      | Reached XP level 3. HP: 31/31 MP: 3/3
  1528 | D:2      | Reached skill level 5 in Axes
  1672 | D:2      | Identified the ring of Tihiarchor {+Blink Fly rElec rPois
                  | Will-}
  2442 | D:3      | Noticed Terence
  2456 | D:3      | Killed Terence
  2457 | D:3      | Reached XP level 4. HP: 39/39 MP: 4/4
  2991 | D:3      | Reached XP level 5. HP: 45/45 MP: 5/5
  3128 | D:3      | Identified the +6 spear of Forgiveness {vorpal, rCorr
                  | Dex+4}
  3168 | D:3      | Found an iron altar of Okawaru.
  3369 | D:3      | Noticed Ijyb
  3381 | D:3      | Killed Ijyb
  3439 | D:3      | Found a runed translucent door.
  3440 | D:3      | Noticed Crazy Yiuf
  3503 | D:3      | Found a faded altar of an unknown god.
  3921 | D:4      | Reached XP level 6. HP: 50/51 MP: 6/6
  3968 | D:4      | Found an ancient bone altar of Kikubaaqudgha.
  4496 | D:4      | Found a staircase to the Ecumenical Temple.
  4502 | Temple   | Entered the Ecumenical Temple
  4700 | Temple   | Became a worshipper of Hepliaklqana the Forgotten
  4860 | D:5      | Entered Level 5 of the Dungeon
  4861 | D:5      | Noticed an ice beast
  4873 | D:5      | Killed an ice beast
  5089 | D:5      | Reached XP level 7. HP: 57/57 MP: 7/7
  5220 | D:5      | Reached skill level 10 in Axes
  5400 | D:5      | Reached * piety under Hepliaklqana
  5617 | D:5      | Found a shimmering blue altar of Sif Muna.
  5776 | D:6      | Noticed Blork the orc
  5782 | D:6      | Killed Blork the orc
  5783 | D:6      | Reached XP level 8. HP: 50/57 MP: 8/8
  6385 | D:6      | Found a radiant altar of Vehumet.
  6457 | D:7      | Found a shadowy altar of Dithmenos.
  6457 | D:7      | Reached ** piety under Hepliaklqana
  6493 | D:6      | Remembered your ancestor Lydia as a battlemage
  6516 | D:7      | Found a blossoming altar of Fedhas.
  6908 | D:7      | Found a sparkling altar of Nemelex Xobeh.
  7048 | D:7      | Reached XP level 9. HP: 52/63 MP: 9/9
  7133 | D:7      | Found a glowing silver altar of Zin.
  7331 | D:8      | Noticed a hornet
  7339 | D:8      | Killed a hornet
  7340 | D:8      | Reached skill level 15 in Axes
  7351 | D:8      | Noticed Stomo's ghost (novice DsGl)
  7352 | D:8      | Found a runed translucent door.
  7383 | D:8      | Found a burning altar of Makhleb.
  7429 | D:8      | Found a flagged portal.
  7442 | Bailey   | Entered a bailey
  7735 | Bailey   | Noticed an orc knight
  7983 | Bailey   | Killed an orc knight
  8519 | D:8      | Reached XP level 10. HP: 69/69 MP: 10/10
  8564 | D:8      | Found an ancient bone altar of Kikubaaqudgha.
  8882 | D:9      | Noticed a two-headed ogre
  8888 | D:9      | Killed a two-headed ogre
  8889 | D:9      | Reached skill level 5 in Fighting
  9008 | D:9      | Noticed a centaur warrior
  9018 | D:9      | Killed a centaur warrior
  9236 | D:9      | Found a staircase to the Orcish Mines.
  9724 | D:9      | Reached *** piety under Hepliaklqana
 10085 | D:9      | Reached skill level 10 in Fighting
 10085 | D:9      | Reached skill level 1 in Invocations
 10089 | D:9      | Reached XP level 11. HP: 56/89 MP: 10/13
 10102 | D:9      | Reached skill level 5 in Invocations
 10339 | D:9      | Noticed a two-headed ogre
 10348 | D:9      | Killed a two-headed ogre
 10513 | D:10     | Entered Level 10 of the Dungeon
 11004 | D:10     | Noticed Sonja
 11101 | D:10     | Killed Sonja
 11102 | D:10     | Reached skill level 10 in Invocations
 12170 | D:11     | Noticed a two-headed ogre
 12239 | D:11     | Noticed a two-headed ogre
 12249 | D:11     | Killed a two-headed ogre
 12250 | D:11     | Reached XP level 12. HP: 100/101 MP: 19/19
 12392 | D:11     | Found a staircase to the Lair.
 12489 | D:11     | Killed a two-headed ogre
 12727 | D:11     | Reached **** piety under Hepliaklqana
 12768 | Lair:1   | Entered Level 1 of the Lair of Beasts
 13491 | Lair:2   | Noticed a five-headed hydra
 14554 | Lair:1   | Killed an eight-headed hydra
 15012 | Lair:2   | Reached ***** piety under Hepliaklqana
 15060 | Lair:2   | Found a staircase to the Shoals.
 15079 | Lair:2   | Reached skill level 15 in Fighting
 15268 | Lair:2   | Noticed a six-headed hydra
 15273 | Lair:2   | Killed a six-headed hydra
 15360 | Lair:2   | Noticed a death yak
 15361 | Lair:2   | Noticed a death yak
 15377 | Lair:2   | Noticed a death yak
 15377 | Lair:2   | Noticed a death yak
 15377 | Lair:2   | Noticed a death yak
 15377 | Lair:2   | Noticed a death yak
 15395 | Lair:2   | Killed a death yak
 15398 | Lair:2   | Killed a death yak
 15404 | Lair:2   | Killed a death yak
 15405 | Lair:2   | Reached skill level 5 in Armour
 15405 | Lair:2   | Killed a death yak
 15407 | Lair:2   | Killed a death yak
 15415 | Lair:2   | Killed a death yak
 15763 | Lair:2   | Noticed a death yak
 15763 | Lair:2   | Noticed an eight-headed hydra
 15763 | Lair:2   | Noticed a death yak
 15800 | Lair:1   | Killed a death yak
 15801 | Lair:1   | Reached XP level 13. HP: 115/115 MP: 20/20
 18042 | Lair:4   | Reached skill level 5 in Shields
 18314 | Lair:4   | Found a runed translucent gate.
 18314 | Lair:4   | Found a runed translucent gate.
 18314 | Lair:4   | Found a runed translucent gate.
 18315 | Lair:4   | Noticed Xyudeake's ghost (journeyman DEFE)
 18316 | Lair:4   | Noticed Ucahaeje's ghost (journeyman MfSk)
 18316 | Lair:4   | Noticed Cikholargh's ghost (journeyman BaIE)
 18317 | Lair:4   | Found the +5 scythe "Finisher" {speed, eviscerate}
 18675 | Lair:4   | Found a hole to the Spider Nest.
 18936 | Lair:4   | Reached skill level 1 in Dodging
 19271 | Lair:5   | Found a staircase to the Slime Pits.
 19272 | Lair:5   | Found a viscous altar of Jiyva.
 19558 | Lair:5   | Reached XP level 14. HP: 128/128 MP: 21/21
 19668 | Lair:5   | Reached skill level 5 in Dodging
 21222 | Lair:6   | Entered Level 6 of the Lair of Beasts
 22980 | D:12     | Reached XP level 15. HP: 139/139 MP: 23/23
 23193 | D:12     | Found a portal to a secret trove of treasure.
 23690 | Orc:1    | Entered Level 1 of the Orcish Mines
 23750 | Orc:1    | Found Worrit's Jewellery Boutique.
 23764 | Orc:1    | Bought a ring of see invisible for 210 gold pieces
 23871 | Orc:2    | Entered Level 2 of the Orcish Mines
 24051 | Orc:2    | Found a dark tunnel.
 24056 | Volcano  | Entered a volcano
 24416 | Volcano  | Found a burning altar of Makhleb.
 24824 | Orc:2    | Found a staircase to the Elven Halls.
 24889 | Orc:2    | Found Jateotti's Antique Armour Emporium.
 25376 | Orc:2    | Reached skill level 15 in Invocations
 25377 | Orc:2    | Found Saethrumm's Jewellery Emporium.
 25390 | Orc:2    | Found Iplibo's Armour Boutique.
 25391 | Orc:2    | Found Emuk Noq's General Store.
 25429 | Orc:2    | Bought a scroll of fog for 32 gold pieces
 25431 | Orc:2    | Bought a translucent helmet for 266 gold pieces
 25431 | Orc:2    | Identified the +2 helmet "Atepsesuenk" {Fly rCorr Int+4
                  | Dex-3} (You bought it in a shop on level 2 of the Orcish
                  | Mines)
 25431 | Orc:2    | Bought a heavily runed helmet for 266 gold pieces
 25431 | Orc:2    | Identified the +2 helmet of Chimes {Int+3 SInv} (You bought
                  | it in a shop on level 2 of the Orcish Mines)
 25594 | Orc:1    | Noticed Josephine
 25594 | Orc:1    | Found Bavveina's Distillery.
 25598 | Orc:1    | Killed Josephine
 25624 | Orc:1    | Bought 2 potions of curing for 66 gold pieces
 25624 | Orc:1    | Bought a potion of curing for 33 gold pieces
 25624 | Orc:1    | Bought a potion of mutation for 88 gold pieces
 25624 | Orc:1    | Bought a potion of curing for 33 gold pieces
 25624 | Orc:1    | Bought a potion of attraction for 33 gold pieces
 25624 | Orc:1    | Bought a potion of haste for 110 gold pieces
 25726 | Orc:1    | Found Goseot's Magic Scroll Shop.
 25746 | Orc:1    | Bought a scroll of identify for 34 gold pieces
 25746 | Orc:1    | Bought a scroll of enchant weapon for 127 gold pieces
 25746 | Orc:1    | Bought a scroll of identify for 34 gold pieces
 25746 | Orc:1    | Bought a scroll of enchant weapon for 127 gold pieces
 25746 | Orc:1    | Bought a scroll of blinking for 127 gold pieces
 25746 | Orc:1    | Bought a scroll of summoning for 161 gold pieces
 25746 | Orc:1    | Bought a scroll of identify for 34 gold pieces
 25746 | Orc:1    | Bought a scroll of fog for 34 gold pieces
 25901 | Orc:1    | Found a runed translucent gate.
 25902 | Orc:1    | Found a runed translucent gate.
 25907 | Orc:1    | Found a runed translucent gate.
 25908 | Orc:1    | Noticed SolCadguy's ghost (journeyman GrEE)
 25923 | Orc:1    | Killed SolCadguy's ghost
 26228 | D:13     | Got Nuakoecs's Catalogue of the Oath and Evil Rituals
 26349 | D:13     | Reached ****** piety under Hepliaklqana
 26403 | D:13     | Identified the +8 broad axe "Esoq" {venom, rCorr Dex+2}
 27154 | D:14     | Found a shimmering altar of Xom.
 27169 | D:14     | Found a shimmering altar of Xom.
 27171 | D:14     | Found a shimmering altar of Xom.
 27172 | D:14     | Found a shimmering altar of Xom.
 27173 | D:14     | Found a shimmering altar of Xom.
 27224 | D:14     | Found a gate to the Vaults.
 27465 | D:14     | Found a shimmering altar of Xom.
 28022 | D:14     | Identified a scroll of acquirement
 28024 | D:14     | Acquired 1032 gold pieces
 28027 | D:15     | Entered Level 15 of the Dungeon
 28079 | D:15     | Reached XP level 16. HP: 94/145 MP: 28/28
 28087 | D:15     | Found a gate leading to a gauntlet.
 28132 | Gauntlet | Entered a Gauntlet
 28132 | Gauntlet | Found a transporter.
 28142 | Gauntlet | Found a transporter.
 28157 | Gauntlet | Found a transporter.
 28162 | Gauntlet | Found a transporter.
 28181 | Gauntlet | Found a transporter.
 28199 | Gauntlet | Found a transporter.
 28211 | Gauntlet | Found a transporter.
 28217 | Gauntlet | Found a transporter.
 28228 | Gauntlet | Found a large runed translucent door.
 28229 | Gauntlet | Found a large runed translucent door.
 28230 | Gauntlet | Found a large runed translucent door.
 28230 | Gauntlet | Found a large runed translucent door.
 28231 | Gauntlet | Found a runed translucent gate.
 28232 | Gauntlet | Found a transporter.
 28232 | Gauntlet | Found a runed translucent gate.
 28233 | Gauntlet | Found a runed translucent gate.
 28234 | Gauntlet | Found a large runed translucent door.
 28234 | Gauntlet | Found a large runed translucent door.
 28234 | Gauntlet | Found a runed translucent door.
 28234 | Gauntlet | Found a runed translucent door.
 28235 | Gauntlet | Found a large runed translucent door.
 28236 | Gauntlet | Found a large runed translucent door.
 28238 | Gauntlet | Found a transporter.
 28243 | Gauntlet | Found a large runed translucent door.
 28243 | Gauntlet | Found a large runed translucent door.
 28244 | Gauntlet | Found a large runed translucent door.
 28245 | Gauntlet | Found a large runed translucent door.
 28253 | Gauntlet | Found a transporter.
 28265 | Gauntlet | Found a transporter.
 28282 | Gauntlet | Found a transporter.
 28300 | Gauntlet | Found a transporter.
 28302 | Gauntlet | Found a transporter.
 28328 | Gauntlet | Found a transporter.
 28330 | Gauntlet | Found a transporter.
 28350 | Gauntlet | Found a transporter.
 28436 | Gauntlet | Found a large runed translucent door.
 28436 | Gauntlet | Found a large runed translucent door.
 28437 | Gauntlet | Found a large runed translucent door.
 28438 | Gauntlet | Found a large runed translucent door.
 29388 | D:15     | Found a staircase to the Depths.
 30028 | D:15     | Reached skill level 1 in Throwing
 30559 | Spider:1 | Entered Level 1 of the Spider Nest
 30630 | Spider:1 | Noticed Azrael
 30738 | Lair:4   | Killed Azrael
 30799 | Spider:1 | Reached skill level 5 in Throwing
 31218 | Lair:4   | Killed Xyudeake's ghost
 31219 | Lair:4   | Killed Ucahaeje's ghost
 31230 | Lair:4   | Killed Cikholargh's ghost
 31652 | Spider:1 | Reached XP level 17. HP: 148/153 MP: 31/31
 32527 | Spider:2 | Reached skill level 10 in Throwing
 32978 | Spider:2 | Found a transporter.
 32979 | Spider:2 | Found a transporter.
 33142 | Spider:3 | Found a frozen archway.
 33146 | IceCv    | Entered an ice cave
 33940 | IceCv    | Identified the +3 pair of gloves "Perah" {rPois rN+}
 34715 | Spider:3 | Reached skill level 10 in Armour
 34719 | Spider:3 | Reached XP level 18. HP: 152/160 MP: 32/32
 35958 | Shoals:1 | Entered Level 1 of the Shoals
 35958 | Shoals:1 | Noticed Louise
 35961 | Shoals:1 | Cast into level 2 of the Abyss (Louise)
 36178 | Abyss:3  | Noticed a tentacled monstrosity
 36353 | Abyss:3  | Noticed a lich
 36373 | Abyss:3  | Killed a lich
 36438 | Abyss:3  | Gained mutation: You are occasionally teleported next to
                  | monsters. [a neqoxec]
 36440 | Abyss:3  | Gained mutation: You are weak. (Str -2) [a neqoxec]
 36441 | Abyss:3  | Gained mutation: You sometimes lose the ability to read
                  | scrolls when taking damage. [a neqoxec]
 36441 | Abyss:3  | Gained mutation: You are frail. (-10% HP) [a neqoxec]
 36446 | Abyss:3  | Noticed a bone dragon
 36777 | Abyss:4  | Noticed a Hell Sentinel
 36824 | Abyss:5  | Entered Level 5 of the Abyss
 36844 | Abyss:5  | HP: 1/142 [smoke demon/divine providence (14)]
 37016 | Abyss:5  | Noticed a lich
 37090 | Shoals:1 | Escaped the Abyss
 37091 | Shoals:1 | Slain by a sea snake

Illustrated notes

Levels and vault maps discovered:
D:1:      giann_wishing_wells, layout_basic
D:2:      layout_loops_ring, kennysheep_boxes
D:3:      layout_rooms, mainiacjoe_overflow_brackets, basic_ecumenical_altar,
          uniq_ijyb, uniq_crazy_yiuf_cottage, uniq_terence
D:4:      layout_loops_corners, kiku_gazebo_pond_becter,
          minmay_temple_entry_fiery
D:5:      layout_basic, nicolae_sif_muna_little_library
D:6:      layout_basic, mainiacjoe_overflow_alcove_4, interstate_on_off,
          uniq_blork_the_orc
D:7:      layout_rooms, grunt_dithmenos_smoke, fedhas_bush_and_centaur_altar,
          pf_just_have_faith, nemelex_diamond_rough_becter
D:8:      layout_cave_pools, enter_bailey_2, gammafunk_ghost_grave,
          kennysheep_flooded_box, david_defended_altar_orc
D:9:      layout_roguey, david_orc_3
D:10:     layout_big_octagon, serial_gnoll_camp, gnoll_camp_mini_sergeant,
          gnoll_camp_mini_hut, gnoll_camp_mini_hut, gnoll_camp_medium_01,
          gnoll_camp_mini_hut, gnoll_camp_mini_basic, uniq_sonja
D:11:     layout_cave_pools, david_lair_generic
D:12:     layout_loops_ring, enter_trove_3
D:13:     layout_loops_ring
D:14:     layout_irregular_city, hangedman_vaults_entry_quadrant_bands,
          xom_redecorated
D:15:     gammafunk_enter_depths_forms, layout_cave_pods,
          gauntlet_entry_generic, minivault_19
Temple:   eino_temple_water
Lair:1:   layout_loops_ring
Lair:2:   layout_cellular_growth, elwin_shoals_entry_rooms,
          infiniplex_staircase_pool
Lair:3:   layout_regular_city, serial_bayou_ford_a
Lair:4:   layout_roguey, spider_nest_entry_funnel_web, gammafunk_ghost_cemetery,
          chequers_serial_rivers_micro_b, serial_bayou_shore_b,
          grunt_megastairs_3
Lair:5:   cheibrodos_lair_overgrown_chateau, layout_small_grid, slime_altar_1,
          lemuel_fruit_tree, grunt_megastairs_5
Lair:6:   minmay_lair_end_enchanted_forest, layout_long_grid, grunt_megastairs_4
Shoals:1: layout_shoals, nicolae_shoals_square_sea_wall, nicolae_shop_gadgets,
          uniq_louise, uniq_aizul
Spider:1: layout_spider_delve, nicolae_spider_orb_run, uniq_azrael
Spider:2: gammafunk_boulding_lane
Spider:3: layout_chambers, portal_ice_cave_entry_pillars_four,
          hellmonk_narrow_tunnel
Orc:1:    layout_caves, gammafunk_ghost_necromancy, serial_shops,
          nicolae_shop_competitors_out_of_business,
          nicolae_shop_temple_entry_statues_fountains, nicolae_square_shop,
          uniq_josephine
Orc:2:    st_orc_elflike, layout_diamond_mine, enter_volcano_4

Skill      XL: |  1  2  3  4  5  6  7  8  9 10 11 12 13 14 15 16 17 18 |
---------------+-------------------------------------------------------+-----
Axes           | 3 4 5 6 8 9 11 14 17 18 | 18.0
Fighting       | 10 12 16 18 20 | 20.0
Invocations    | 3 10 11 17 20 | 20.0
Armour         | 6 7 10 11 | 11.1
Shields        | 7 |  7.0
Dodging        | 4 7 |  7.0
Throwing       | 8 12 | 12.0

Action                   |  1- 3 |  4- 6 |  7- 9 | 10-12 | 13-15 | 16-18 || total
-------------------------+-------+-------+-------+-------+-------+-------++-------
Melee: War axe           |   119 |   121 |   155 |       |       |       ||   395
       Broad axe         |       |       |    42 |   407 |   825 |   745 ||  2019
       Flail             |       |       |       |       |    79 |       ||    79
Throw: Dart              |     6 |     9 |    24 |    10 |       |     1 ||    50
       Throwing net      |     1 |       |       |     1 |       |       ||     2
       Boomerang         |       |     3 |     3 |    15 |    28 |   124 ||   173
Invok: Ancestor Identity |       |       |     1 |       |       |       ||     1
       Ancestor Life: Ba |       |       |     1 |       |       |       ||     1
       Recall Ancestor   |       |       |       |     3 |     3 |    10 ||    16
       Idealise          |       |       |       |     1 |     3 |    10 ||    14
Evoke: Wand              |       |       |     1 |     9 |     1 |       ||    11
  Use: Scroll            |       |     3 |     4 |    10 |    19 |    17 ||    53
       Potion            |       |       |     1 |     1 |     7 |    23 ||    32
 Stab: Distracted        |       |       |     4 |     7 |    13 |     9 ||    33
       Paralysed         |       |       |     5 |       |       |       ||     5
       Held in net/web   |       |       |       |     2 |       |       ||     2
Armor: Scale mail        |    74 |    42 |       |       |       |       ||   116
       Plate armour      |       |       |    87 |   194 |   583 |   310 ||  1174
       Crystal plate arm |       |       |       |       |       |   302 ||   302
       Skin              |       |       |       |       |       |    22 ||    22
Dodge: Dodged            |    44 |    54 |    39 |    82 |   285 |   337 ||   841
Block: Buckler           |    29 |    43 |    87 |   164 |   306 |   193 ||   822
       Reflection        |       |       |    11 |     9 |       |       ||    20
